 Dungeon Crawl Stone Soup version 0.32-a0-711-g016ad743e0 (webtiles) character file.

Game seed: 3837650702277535668

1023 BubbleThief the Covert (level 8, -3/48 HPs)
             Began as a Kobold Brigand on Mar 16, 2024.
             Was a Priest of Uskayaw.
             Slain by a troll (4 damage)
             ... on level 6 of the Dungeon.
             The game lasted 00:08:17 (3957 turns).

BubbleThief the Covert (Kobold Brigand)             Turns: 3957, Time: 00:08:17

Health: -3/48      AC: 12    Str:  9    XL:     8   Next: 46%
Magic:  8/8        EV: 11    Int: 12    God:    Uskayaw [***...]
Gold:   373        SH:  0    Dex: 18    Spells: 7/7 levels left

rFire   . . .        a - +2 dagger
rCold   . . .        (no shield)
rNeg    . . .        D - +4 ring mail
rPois   +            q - +2 hat
rElec   .            c - +0 cloak
rCorr   .            (no gloves)
SInv    +            (no boots)
Will    .....        n - amulet of regeneration
Stlth   +++++        s - ring of poison resistance
HPRegen 1.08/turn    v - ring of see invisible
MPRegen 0.11/turn

%: no passive effects
@: no status effects
A: small, no large weapons, nightstalker 3
a: Renounce Religion, Stomp, Line Pass


You were on level 6 of the Dungeon.
You worshipped Uskayaw.
Uskayaw was noncommittal.
You visited 1 branch of the dungeon, and saw 6 of its levels.

You collected 373 gold pieces.

Inventory:

Hand Weapons
 a - a +2 dagger (weapon)
Missiles
 d - 15 poisoned darts
Armour
 b - a +0 robe
 c - a +0 cloak (worn)
 q - a +2 hat (worn)
 D - a +4 ring mail (worn)
Jewellery
 n - an amulet of regeneration (around neck)
 s - a ring of poison resistance (left hand)
 v - a ring of see invisible (right hand)
 w - a ring of resist corrosion
 x - a +6 ring of intelligence
 A - a ring of fire
Wands
 E - a wand of mindburst (10)
Scrolls
 g - 2 scrolls of vulnerability {unknown}
 h - a scroll of enchant weapon {unknown}
 i - 3 scrolls of immolation {unknown}
 l - 2 scrolls of blinking {unknown}
 o - 2 scrolls of teleportation {unknown}
 t - a scroll of fear {unknown}
 u - 3 scrolls of identify {unknown}
 y - a scroll of torment {unknown}
 z - 2 scrolls of summoning {unknown}
 B - a scroll of fog {unknown}
Potions
 f - 3 potions of mutation {unknown}
 j - 3 potions of brilliance {unknown}
 k - a potion of curing {unknown}
 m - a potion of cancellation {unknown}
 p - a potion of invisibility {unknown}
 r - a potion of degeneration {unknown}
 C - a potion of enlightenment {unknown}


   Skills:
 + Level 3.7 Fighting
 + Level 8.6 Short Blades
 - Level 2.1 Throwing
 + Level 1.3 Dodging
 + Level 10.4 Stealth


You had 7 spell levels left.
You didn't know any spells.
Your spell library contained the following spells:

 Spells                   Type           Power      Damage    Failure   Level
 Dazzling Flash           Conj/Hex       0%         N/A       95%         3
 Inner Flame              Hex/Fire       0%         N/A       95%         3
 Mephitic Cloud           Conj/Alch/Air  0%         N/A       95%         3
 Flame Wave               Conj/Fire      0%         2d4       100%        4
 Sticky Flame             Fire/Alch      0%         2d4       100%        4
 Curse of Agony           Necr           0%         N/A       100%        5
 Silence                  Hex/Air        0%         N/A       100%        5


Dungeon Overview and Level Annotations

Branches:
Dungeon (6/15)             Temple (0/1) D:4

Altars:
Ashenzari
Hepliaklqana
Uskayaw

Shops:
D:2 *   D:3 [   D:5 *


Innate Abilities, Weirdness & Mutations

You are small and have problems with some larger weapons.
You are completely attuned to the shadows.


Message History

The troll barely misses you. x2; The troll closely misses you.
You hit the troll.
The troll is lightly wounded.
The troll closely misses you. The troll claws you but does no damage.
The troll barely misses you.
Throw: 2 darts (curare)
Press: ? - help, Q - select action, (/) - cycle Shift-Dir - straight line, f/p - troll
Aim: a troll (lightly wounded, 60% to hit)
You throw a curare-tipped dart.
The curare-tipped dart barely misses the troll.
The troll bites you. The troll claws you! The troll claws you.
Throw: dart (curare)
Press: ? - help, Q - select action, (/) - cycle Shift-Dir - straight line, f/p - troll
Aim: a troll (lightly wounded, 60% to hit)
You throw a curare-tipped dart. The curare-tipped dart hits the troll.
The troll is poisoned.
The troll struggles to breathe.
The troll seems to slow down.
The troll is lightly wounded.
You hit the troll.
The troll is moderately wounded.
The troll bites you! The troll claws you! The troll barely misses you.
You hit the troll but do no damage.
The troll is moderately wounded.
Unknown command.
You completely miss the troll.
The troll is moderately wounded.
You hit the troll but do no damage.
The troll is moderately wounded.
The troll bites you!
* * * LOW HITPOINT WARNING * * *
The troll misses you. The troll claws you!
* * * LOW HITPOINT WARNING * * *
You hit the troll but do no damage.
The troll is moderately wounded.
Unknown command.
The troll attacks as it pursues you! The troll bites you.
* * * LOW HITPOINT WARNING * * *
The troll claws you.
You die...
Your body falls in perfect tune with the rhythm.

### #(.
#.###
###(#.#
#..T.)#
#.#@#)#
# #.#<#
#.###
..# ###


You could see a troll (very poisoned, slow).

Vanquished Creatures
  A hornet (D:5)
  Pargi (D:4)
  A black bear (D:4)
  An ogre (D:4)
  2 phantoms (D:5)
  3 hounds
  3 jellies (D:5)
  2 iguanas (D:5)
  8 gnolls
  An adder (D:3)
  2 ribbon worms (D:3)
  2 dart slugs
  6 orcs
  A ball python (D:3)
  11 endoplasms
  5 goblins
  2 hobgoblins
  8 jackals
  8 kobolds
  10 quokkas
  6 bats
  4 frilled lizards
  5 rats
93 creatures vanquished.

Notes
Turn   | Place    | Note
-------+----------+-------------------------------------------
     0 | D:1      | BubbleThief the Kobold Brigand began the quest for the Orb.
     0 | D:1      | Reached XP level 1. HP: 12/12 MP: 1/1
   140 | D:1      | Reached XP level 2. HP: 13/17 MP: 2/2
   411 | D:1      | Reached XP level 3. HP: 21/21 MP: 3/3
   427 | D:1      | Reached skill level 6 in Stealth
  1302 | D:2      | Reached XP level 4. HP: 26/26 MP: 4/4
  1422 | D:2      | Found Ravustou's General Store.
  1560 | D:3      | Found a broken altar of Ashenzari.
  1681 | D:3      | Found a hide-covered altar of Uskayaw.
  1914 | D:3      | Reached skill level 7 in Stealth
  1914 | D:3      | Reached XP level 5. HP: 30/30 MP: 5/5
  1917 | D:3      | Reached skill level 5 in Short Blades
  1956 | D:3      | Found Famid's Armour Shop.
  2218 | D:3      | Found a hazy altar of Hepliaklqana.
  2268 | D:3      | Became a worshipper of Uskayaw the Reveller
  2453 | D:4      | Found a staircase to the Ecumenical Temple.
  2537 | D:4      | Noticed an ogre
  2540 | D:4      | Reached * piety under Uskayaw
  2542 | D:4      | Reached ** piety under Uskayaw
  2546 | D:4      | Reached *** piety under Uskayaw
  2547 | D:4      | Killed an ogre
  2548 | D:4      | Reached XP level 6. HP: 35/35 MP: 6/6
  2595 | D:4      | Noticed a black bear
  2599 | D:4      | Killed a black bear
  2600 | D:4      | Reached skill level 8 in Stealth
  2612 | D:4      | Noticed Pargi
  2615 | D:4      | Killed Pargi
  2616 | D:4      | Reached XP level 7. HP: 40/40 MP: 7/7
  3142 | D:5      | Entered Level 5 of the Dungeon
  3192 | D:5      | Reached **** piety under Uskayaw
  3205 | D:5      | Reached skill level 9 in Stealth
  3538 | D:5      | Reached XP level 8. HP: 45/45 MP: 8/8
  3575 | D:5      | Found Maggoakh's Assorted Antiques.
  3632 | D:5      | Noticed a hornet
  3636 | D:5      | Killed a hornet
  3637 | D:5      | Reached skill level 10 in Stealth
  3944 | D:6      | Noticed a troll
  3957 | D:6      | HP: 1/48 [troll (4)]
  3957 | D:6      | Slain by a troll

Illustrated notes

Levels and vault maps discovered:
D:1:      ebering_trefoil_twist, layout_rooms, minmay_gold_behind_fungi
D:2:      layout_basic, serial_shops, nicolae_shop_behind_doors,
          kennysheep_decorative_pillar
D:3:      minmay_skewed_foursquare, layout_basic, amcnicky_altar_gilded,
          marbit_many_paths, old_standard_altar, serial_shops, shop
D:4:      layout_loops_ring, minmay_temple_entry_statues_pillars, uniq_pargi
D:5:      layout_cave_pools, serial_shops, shop
D:6:      layout_basic, uniq_sigmund

Skill      XL: |  1  2  3  4  5  6  7  8 |
---------------+-------------------------+-----
Short Blades   | 3 4 5 6 8 |  8.6
Stealth        | 6 7 8 9 10 | 10.4
Fighting       | 3 |  3.7
Throwing       | |  2.1
Dodging        | |  1.3

Action                     |  1- 3 |  4- 6 |  7- 9 || total
---------------------------+-------+-------+-------++-------
  Melee: Dagger            |    88 |    61 |   178 ||   327
  Throw: Dart              |       |     3 |     4 ||     7
 Invoke: Stomp             |       |       |     1 ||     1
  Evoke: Wand              |       |       |     1 ||     1
   Stab: Sleeping          |    20 |    21 |     9 ||    50
         Paralysed         |       |     1 |     6 ||     7
 Armour: Robe              |    40 |    11 |    34 ||    85
         Ring mail         |       |       |    33 ||    33
  Dodge: Dodged            |    68 |    28 |    72 ||   168

Table legend: (Time is in decaauts)
 A = Elapsed time spent in this place.
 B = Non-inter-level travel time spent in this place.
 C = Inter-level travel time spent in this place.
 D = Time resting spent in this place.
 E = Time spent auto-exploring this place.
 F = Levels seen in this place.
 G = Mean time per level.
                   A        B        C        D        E       F      G
               +--------+--------+--------+--------+--------+-----+--------+
         Total |   3861 |   3644 |    217 |     15 |   2935 |   6 |  643.5 |
       Dungeon |   3861 |   3644 |    217 |     15 |   2935 |   6 |  643.5 |
               +--------+--------+--------+--------+--------+-----+--------+

Top non-repeatable levels by time:
     D:3: 849 daAuts
     D:1: 789 daAuts
     D:2: 743 daAuts
     D:4: 728 daAuts
     D:5: 711 daAuts
     D:6: 39 daAuts
